[Event "GambitGuide"]
[Site "Internet Chess Club"]
[Date "2014.10.30"]
[Round "1"]
[White "JSBach"]
[Black "ADeatrick"]
[Result "0-1"]
[ICCResult "White checkmated"]
[WhiteElo "1707"]
[BlackElo "1795"]
[Opening "Vienna: `Frankenstein-Dracula' variation"]
[ECO "C27"]
[NIC "VG.02"]
[Time "19:20:17"]
[TimeControl "120+12"]

1. e4 e5 2. Nc3 Nf6 3. Bc4 Nxe4 4. Qh5 Nd6 5. Bb3 Nc6 6. Nb5 g6 7. Qf3 f5 8.
Qd5 Qe7 9. Nxc7+ Kd8 10. Nxa8 b6 11. Ba4 Bb7 12. Nxb6 axb6 13. Qb3 b5 14.
Nf3 bxa4 15. Qxa4 e4 16. Nd4 Nxd4 17. Qxd4 Bg7 18. Qa7 Ke8 19. a4 Kf7 20. a5
Ra8 21. Qe3 Ba6 22. c3 Nc4 23. Qh3 Ne5 24. Kd1 Qe6 25. Ra3 Qc4 26. Re1 Nd3
27. Qxh7 Nxe1 28. d3 Qxd3+ 29. Bd2 Qc2+ 30. Kxe1 Qb1+ 31. Bc1 Qxc1#
{White checkmated}
0-1

[Event "GambitGuide"]
[Site "Internet Chess Club"]
[Date "2014.10.30"]
[Round "1"]
[White "JSBach"]
[Black "jewels2"]
[Result "0-1"]
[ICCResult "White checkmated"]
[WhiteElo "1707"]
[BlackElo "1124"]
[Opening "Vienna: `Frankenstein-Dracula' variation"]
[ECO "C27"]
[NIC "VG.02"]
[Time "19:22:53"]
[TimeControl "120+12"]

1. e4 e5 2. Nc3 Nf6 3. Bc4 Nxe4 4. Qh5 Nd6 5. Bb3 Nc6 6. Nb5 g6 7. Qf3 f5 8.
Qd5 Qe7 9. Nxc7+ Kd8 10. Nxa8 b6 11. Ba4 Nd4 12. f4 exf4+ 13. Kd1 Bg7 14. g4
Re8 15. Qe6 Qxe6 16. Nh3 Qe2# {White checkmated} 0-1

[Event "GambitGuide"]
[Site "Internet Chess Club"]
[Date "2014.10.30"]
[Round "1"]
[White "JSBach"]
[Black "Svinotigr"]
[Result "1-0"]
[ICCResult "Black resigns"]
[WhiteElo "1707"]
[BlackElo "1757"]
[Opening "Vienna: `Frankenstein-Dracula' variation"]
[ECO "C27"]
[NIC "VG.02"]
[Time "19:18:30"]
[TimeControl "120+12"]

1. e4 e5 2. Nc3 Nf6 3. Bc4 Nxe4 4. Qh5 Nd6 5. Bb3 Nc6 6. Nb5 g6 7. Qf3 f5 8.
Qd5 Qe7 9. Nxc7+ Kd8 10. Nxa8 b6 11. Ba4 Bb7 12. Nxb6 axb6 13. Qb3 b5 14.
Nf3 bxa4 15. Qxa4 e4 16. Nd4 Qg5 17. Nxc6+ Bxc6 18. Qa5+ Ke7 19. Qe5+ Kd8
20. Qxh8 Qxg2 21. Qxf8+ Kc7 22. Rf1 Bb5 23. d3 exd3 24. Bf4 d2+ 25. Kxd2
Qd5+ 26. Ke1 Qe4+ 27. Be3 Qf3 28. c4 Bxc4 29. Bb6+ Kc6 30. Qa8+ Nb7 31. Qc8+
Kb5 32. a4+ Kb4 33. Qf8+ d6 34. Qe7 {Black resigns} 1-0

[Event "GambitGuide"]
[Site "Internet Chess Club"]
[Date "2014.10.30"]
[Round "1"]
[White "JSBach"]
[Black "fishhead"]
[Result "1-0"]
[ICCResult "Black resigns"]
[WhiteElo "1707"]
[BlackElo "1597"]
[Opening "Vienna: `Frankenstein-Dracula' variation"]
[ECO "C27"]
[NIC "VG.02"]
[Time "19:22:39"]
[TimeControl "120+12"]

1. e4 e5 2. Nc3 Nf6 3. Bc4 Nxe4 4. Qh5 Nd6 5. Bb3 Nc6 6. Nb5 g6 7. Qf3 f5 8.
Qd5 Qe7 9. Nxc7+ Kd8 10. Nxa8 b6 11. Ba4 Bb7 12. Nxb6 axb6 13. Qb3 b5 14.
Nf3 bxa4 15. Qxa4 Bg7 16. d3 h6 17. O-O Re8 18. Re1 Qf7 19. Bxh6 Bxh6 20.
Qh4+ Kc7 21. Qxh6 Qf6 22. a4 Rh8 23. Qe3 {Black resigns} 1-0

[Event "GambitGuide"]
[Site "Internet Chess Club"]
[Date "2014.10.30"]
[Round "1"]
[White "JSBach"]
[Black "fishhead"]
[Result "1-0"]
[ICCResult "Black resigns"]
[WhiteElo "1707"]
[BlackElo "1597"]
[Opening "Vienna: `Frankenstein-Dracula' variation"]
[ECO "C27"]
[NIC "VG.02"]
[Time "19:23:26"]
[TimeControl "120+12"]

1. e4 e5 2. Nc3 Nf6 3. Bc4 Nxe4 4. Qh5 Nd6 5. Bb3 Nc6 6. Nb5 g6 7. Qf3 f5 8.
Qd5 Qe7 9. Nxc7+ Kd8 10. Nxa8 b6 11. Ba4 Bb7 12. Nxb6 axb6 13. Qb3 b5 14.
Nf3 bxa4 15. Qxa4 Ke8 16. b4 Kf7 17. Qb3+ Qe6 18. Ng5+ {Black resigns} 1-0

[Event "GambitGuide"]
[Site "Internet Chess Club"]
[Date "2014.10.30"]
[Round "1"]
[White "JSBach"]
[Black "kingsac"]
[Result "1/2-1/2"]
[ICCResult "Game drawn by repetition"]
[WhiteElo "1707"]
[BlackElo "1964"]
[Opening "Vienna: `Frankenstein-Dracula' variation"]
[ECO "C27"]
[NIC "VG.02"]
[Time "19:22:34"]
[TimeControl "120+12"]

1. e4 e5 2. Nc3 Nf6 3. Bc4 Nxe4 4. Qh5 Nd6 5. Bb3 Nc6 6. Nb5 g6 7. Qf3 f5 8.
Qd5 Qe7 9. Nxc7+ Kd8 10. Nxa8 b6 11. Ba4 Ba6 12. Bxc6 dxc6 13. Qb3 Qb7 14.
Qe6 Nf7 15. b3 Bg7 16. f4 exf4 17. d4 Re8 18. Qxe8+ Kxe8 19. Bxf4 Bxd4 20.
Nc7+ Kd7 21. O-O-O c5 22. Nxa6 Qxa6 23. c3 Qxa2 24. cxd4 cxd4 25. Nf3 Qxb3
26. Rxd4+ Kc8 27. Rhd1 Qc3+ 28. Kb1 Qb3+ 29. Kc1 Qc3+ 30. Kb1 Qb3+ 31. Ka1
Qc3+ 32. Kb1 Qb3+ 33. Kc1 Qc3+ 34. Kb1 Qb3+ 35. Ka1 Qa3+ 36. Kb1 Qb3+ 37.
Kc1 Qc3+ 38. Kb1 Qb3+ 39. Kc1 Qc3+ 40. Kb1 Qb3+ 41. Kc1 Qc3+ 42. Kb1 Qb3+
43. Kc1 Qc3+ 44. Kb1 Qb3+ 45. Kc1 Qc3+ 46. Kb1 Qb3+ 47. Kc1 Qc3+ 48. Kb1
Qb3+ 49. Kc1 Qc3+ 50. Kb1 Qb3+ 51. Kc1 Qc3+ 52. Kb1 Qb3+ 53. Kc1 Qc3+ 54.
Kb1 Qb3+ 55. Kc1 Qc3+ 56. Kb1 Qb3+ 57. Kc1 Qc3+ 58. Kb1 Qb3+ 59. Ka1 Qc3+
60. Kb1 Qb3+ 61. Kc1 Qc3+ 62. Kb1 Qb3+ 63. Kc1 Qc3+ 64. Kb1 Qb3+ 65. Kc1
Qc3+ 66. Kb1 Qb3+ 67. Kc1 Qc3+ 68. Kb1 Qb3+ 69. Kc1 Qc3+ 70. Kb1 Qb3+ 71.
Kc1 Qc3+ 72. Kb1 Qb3+ 73. Kc1 Qc3+ 74. Kb1 Qb3+ 75. Kc1 Qc3+ 76. Kb1 Qb3+
77. Kc1 Qc3+ 78. Kb1 Qb3+ 79. Kc1 Qc3+ 80. Kb1 Qb3+ 81. Kc1 Qc3+ 82. Kb1
Qb3+ 83. Kc1 Qc3+ 84. Kb1 Qb3+ 85. Kc1 Qc3+ 86. Kb1 Qb3+ 87. Kc1 Qc3+ 88.
Kb1 Qb3+ 89. Kc1 Qc3+ 90. Kb1 Qb3+ 91. Kc1 Qc3+ 92. Kb1 Qb3+ 93. Ka1 Qc3+
94. Kb1 Qb3+ 95. Kc1 Qc3+ 96. Kb1 Qb3+ 97. Ka1 Qc3+ 98. Kb1 Qb3+ 99. Ka1
Qc3+ 100. Kb1 Qb3+ 101. Ka1 Qc3+ 102. Kb1 Qb3+ 103. Kc1 Qc3+ 104. Kb1 Qb3+
105. Kc1 Qc3+ 106. Kb1 Qb3+ 107. Ka1 Qc3+ 108. Kb1 Qb3+ 109. Kc1 Qc3+ 110.
Kb1 Qb3+ 111. Kc1 Qc3+ 112. Kb1 Qb3+ 113. Ka1 Qc3+ 114. Kb1 Qb3+ 115. Ka1
Qc3+ 116. Kb1 Qb3+ 117. Kc1 Qc3+ 118. Kb1 Qb3+ 119. Kc1 Qc3+ 120. Kb1 Qb3+
121. Ka1 Qc3+ 122. Kb1 Qb3+ 123. Kc1 Qc3+ 124. Kb1 Qb3+ 125. Ka1 Qc3+ 126.
Kb1 Qb3+ 127. Ka1 Qc3+ 128. Kb1 Qb3+ 129. Kc1 Qc3+ 130. Kb1 Qb3+ 131. Kc1
Qc3+ 132. Kb1 Qb3+ 133. Kc1 Qc3+ 134. Kb1 Qb3+ 135. Ka1 Qc3+ 136. Kb1 Qb3+
137. Kc1 Qc3+ 138. Kb1 Qb3+ 139. Kc1 Qc3+ 140. Kb1 Qb3+ 141. Kc1 Qc3+ 142.
Kb1 Qb3+ 143. Kc1 {Game drawn by repetition} 1/2-1/2

[Event "GambitGuide"]
[Site "Internet Chess Club"]
[Date "2014.10.30"]
[Round "1"]
[White "JSBach"]
[Black "fishhead"]
[Result "1-0"]
[ICCResult "Black resigns"]
[WhiteElo "1707"]
[BlackElo "1597"]
[Opening "Vienna: `Frankenstein-Dracula' variation"]
[ECO "C27"]
[NIC "VG.02"]
[Time "19:23:43"]
[TimeControl "120+12"]

1. e4 e5 2. Nc3 Nf6 3. Bc4 Nxe4 4. Qh5 Nd6 5. Bb3 Nc6 6. Nb5 g6 7. Qf3 f5 8.
Qd5 Qe7 9. Nxc7+ Kd8 10. Nxa8 b6 11. Ba4 Bb7 12. Nxb6 axb6 13. Qb3 b5 14.
Nf3 bxa4 15. Qxa4 Bg7 16. O-O h6 17. Re1 Re8 18. d4 e4 19. Bf4 Qf6 20. Be5
Qe7 21. Bf4 g5 22. Bd2 Qf6 23. d5 Ne5 24. Nxe5 Qxe5 25. Qa5+ Ke7 26. Bc3
{Black resigns}
1-0

[Event "GambitGuide"]
[Site "Internet Chess Club"]
[Date "2014.10.30"]
[Round "1"]
[White "JSBach"]
[Black "kingsac"]
[Result "1-0"]
[ICCResult "Black resigns"]
[WhiteElo "1707"]
[BlackElo "1964"]
[Opening "Vienna: `Frankenstein-Dracula' variation"]
[ECO "C27"]
[NIC "VG.02"]
[Time "19:24:31"]
[TimeControl "120+12"]

1. e4 e5 2. Nc3 Nf6 3. Bc4 Nxe4 4. Qh5 Nd6 5. Bb3 Nc6 6. Nb5 g6 7. Qf3 f5 8.
Qd5 Qe7 9. Nxc7+ Kd8 10. Nxa8 b6 11. Ba4 Ba6 12. Bxc6 dxc6 13. Qb3 Qb7 14.
Qe6 Nf7 15. Nf3 Bg7 16. d3 Re8 17. Qb3 e4 18. dxe4 Rxe4+ 19. Be3 Ne5 20.
Qg8+ {Black resigns} 1-0

[Event "GambitGuide"]
[Site "Internet Chess Club"]
[Date "2014.10.30"]
[Round "1"]
[White "JSBach"]
[Black "Lucas"]
[Result "1-0"]
[ICCResult "Black resigns"]
[WhiteElo "1707"]
[BlackElo "2376"]
[Opening "Vienna: `Frankenstein-Dracula' variation"]
[ECO "C27"]
[NIC "VG.02"]
[Time "19:23:30"]
[TimeControl "120+12"]

1. e4 e5 2. Nc3 Nf6 3. Bc4 Nxe4 4. Qh5 Nd6 5. Bb3 Nc6 6. Nb5 g6 7. Qf3 f5 8.
Qd5 Qe7 9. Nxc7+ Kd8 10. Nxa8 b6 11. Ba4 Bb7 12. Nxb6 axb6 13. Qb3 b5 14.
Nf3 bxa4 15. Qxa4 Nd4 16. Nxd4 exd4+ 17. Kf1 Bc6 18. Qxd4 Bg7 19. Qc5 Re8
20. Qb6+ Kc8 21. Qe3 Qf7 22. Qc5 Ne4 23. Qb6 Qe7 24. Qa6+ Bb7 25. Qc4+ Nc5
26. Kg1 Qe1+ 27. Qf1 Qxf1+ 28. Kxf1 Ba6+ 29. d3 Nxd3 30. Be3 Bxb2 31. Rb1
Nf4+ 32. c4 Bxc4+ 33. Ke1 Bc3+ 34. Kd1 Nxg2 35. Ba7 Ne1 36. Rb8+ Kc7 37.
Rxe8 Nf3 38. Re3 {Black resigns} 1-0

[Event "GambitGuide"]
[Site "Internet Chess Club"]
[Date "2014.10.30"]
[Round "1"]
[White "JSBach"]
[Black "boveymvp"]
[Result "0-1"]
[ICCResult "White checkmated"]
[WhiteElo "1707"]
[BlackElo "1577"]
[Opening "Vienna: `Frankenstein-Dracula' variation"]
[ECO "C27"]
[NIC "VG.02"]
[Time "19:18:22"]
[TimeControl "120+12"]

1. e4 e5 2. Nc3 Nf6 3. Bc4 Nxe4 4. Qh5 Nd6 5. Bb3 Nc6 6. Nb5 g6 7. Qf3 f5 8.
Qd5 Qe7 9. Nxc7+ Kd8 10. Nxa8 b6 11. Ba4 b5 12. Bxb5 Nxb5 13. Qxb5 Qc5 14.
Qxc5 Bxc5 15. c3 Bb7 16. d4 exd4 17. b4 Be7 18. b5 Na5 19. Bd2 Nc4 20. cxd4
Bxg2 21. Rc1 Nxd2 22. Nc7 Bxh1 23. b6 axb6 24. Ke2 Ne4 25. f3 Bd6 26. Nd5
Ng5 27. h4 Ne6 28. Ke3 b5 29. Rb1 b4 30. Ne2 Bg2 31. Nxb4 Bxb4 32. Rxb4 Ke7
33. Kf2 Bh3 34. a4 Kd6 35. a5 Ra8 36. Ng1 Rxa5 37. Nxh3 Ra2+ 38. Kg3 Rd2 39.
Rb7 Rxd4 40. Ng5 Nxg5 41. hxg5 Rd1 42. Ra7 Rg1+ 43. Kf4 Rh1 44. Rb7 Rh4+ 45.
Kg3 Rh5 46. f4 Rh1 47. Kg2 Rd1 48. Kf2 Rd4 49. Kg3 Rd3+ 50. Kf2 Rc3 51. Ke2
Rc7 52. Rb5 Rc5 53. Rb8 Rc3 54. Kd2 Rf3 55. Rb4 Kc5 56. Ke2 Kxb4 57. Kxf3
Kc3 58. Kg2 d5 59. Kg3 d4 60. Kf2 Kc2 61. Ke2 d3+ 62. Ke3 d2 63. Kd4 d1=Q+
64. Kc5 Qf3 65. Kd6 Qxf4+ 66. Kd5 Qxg5 67. Kc4 Qe3 68. Kd5 f4 69. Kc6 f3 70.
Kd5 f2 71. Kc6 f1=Q 72. Kd7 h5 73. Kc8 h4 74. Kd7 g5 75. Kd8 g4 76. Kd7 g3
77. Kc8 h3 78. Kc7 g2 79. Kc6 h2 80. Kd7 g1=Q 81. Kd6 h1=Q 82. Kc7 Qff4+ 83.
Kd7 Qgg5 84. Kc8 Qhh3+ 85. Kb7 Qff6 86. Kb8 Qee7 87. Ka8 Qhd7 88. Kb8 Qdd8#
{White checkmated}
0-1

[Event "GambitGuide"]
[Site "Internet Chess Club"]
[Date "2014.10.30"]
[Round "1"]
[White "JSBach"]
[Black "SCARLETTE"]
[Result "1-0"]
[ICCResult "Black resigns"]
[WhiteElo "1707"]
[BlackElo "2877"]
[Opening "Vienna: `Frankenstein-Dracula' variation"]
[ECO "C27"]
[NIC "VG.02"]
[Time "19:20:48"]
[TimeControl "120+12"]

1. e4 e5 2. Nc3 Nf6 3. Bc4 Nxe4 4. Qh5 Nd6 5. Bb3 Nc6 6. Nb5 g6 7. Qf3 f5 8.
Qd5 Qe7 9. Nxc7+ Kd8 10. Nxa8 b6 11. Ba4 Bb7 12. Nxb6 axb6 13. Qb3 Kc7 14.
Ne2 Ne4 15. Qb5 d5 16. Qxd5 {Black resigns} 1-0

[Event "GambitGuide"]
[Site "Internet Chess Club"]
[Date "2014.10.30"]
[Round "1"]
[White "JSBach"]
[Black "SCARLETTE"]
[Result "1-0"]
[ICCResult "Black resigns"]
[WhiteElo "1707"]
[BlackElo "2877"]
[Opening "Vienna: `Frankenstein-Dracula' variation"]
[ECO "C27"]
[NIC "VG.02"]
[Time "19:25:10"]
[TimeControl "120+12"]

1. e4 e5 2. Nc3 Nf6 3. Bc4 Nxe4 4. Qh5 Nd6 5. Bb3 Nc6 6. Nb5 g6 7. Qf3 f5 8.
Qd5 Qe7 9. Nxc7+ Kd8 10. Nxa8 b6 11. Ba4 Bb7 12. Nxb6 axb6 13. Qb3 Ne4 14.
Qxb6+ {Black resigns} 1-0

[Event "GambitGuide"]
[Site "Internet Chess Club"]
[Date "2014.10.30"]
[Round "1"]
[White "JSBach"]
[Black "fishhead"]
[Result "1-0"]
[ICCResult "Black resigns"]
[WhiteElo "1707"]
[BlackElo "1597"]
[Opening "Vienna: `Frankenstein-Dracula' variation"]
[ECO "C27"]
[NIC "VG.02"]
[Time "19:24:39"]
[TimeControl "120+12"]

1. e4 e5 2. Nc3 Nf6 3. Bc4 Nxe4 4. Qh5 Nd6 5. Bb3 Nc6 6. Nb5 g6 7. Qf3 f5 8.
Qd5 Qe7 9. Nxc7+ Kd8 10. Nxa8 b6 11. Ba4 Bb7 12. Nxb6 axb6 13. Qb3 b5 14.
Nf3 bxa4 15. Qxa4 Bg7 16. O-O h6 17. Re1 e4 18. Kf1 Qf6 19. Ng1 Ke7 20. Ne2
Kf7 21. Qb3+ Qe6 22. Qxe6+ Kxe6 23. a4 Ne5 24. d4 Nec4 25. b3 Na5 26. Bd2
Nc6 27. Bc3 Rc8 28. d5+ Kxd5 29. Bxg7 Nb4 30. c4+ Ke6 31. Red1 Nd3 32. Nd4+
Kf7 33. Bxh6 {Black resigns} 1-0

[Event "GambitGuide"]
[Site "Internet Chess Club"]
[Date "2014.10.30"]
[Round "1"]
[White "JSBach"]
[Black "kingsac"]
[Result "1-0"]
[ICCResult "Black resigns"]
[WhiteElo "1707"]
[BlackElo "1964"]
[Opening "Vienna: `Frankenstein-Dracula' variation"]
[ECO "C27"]
[NIC "VG.02"]
[Time "19:24:57"]
[TimeControl "120+12"]

1. e4 e5 2. Nc3 Nf6 3. Bc4 Nxe4 4. Qh5 Nd6 5. Bb3 Nc6 6. Nb5 g6 7. Qf3 f5 8.
Qd5 Qe7 9. Nxc7+ Kd8 10. Nxa8 b6 11. Ba4 Nb4 12. Qb3 Ne4 13. a3 Nc5 14. Qxb4
{Black resigns}
1-0

[Event "GambitGuide"]
[Site "Internet Chess Club"]
[Date "2014.10.30"]
[Round "1"]
[White "JSBach"]
[Black "deshpande"]
[Result "1-0"]
[ICCResult "Black resigns"]
[WhiteElo "1707"]
[BlackElo "1602"]
[Opening "Vienna: `Frankenstein-Dracula' variation"]
[ECO "C27"]
[NIC "VG.02"]
[Time "19:24:43"]
[TimeControl "120+12"]

1. e4 e5 2. Nc3 Nf6 3. Bc4 Nxe4 4. Qh5 Nd6 5. Bb3 Nc6 6. Nb5 g6 7. Qf3 f5 8.
Qd5 Qe7 9. Nxc7+ Kd8 10. Nxa8 b6 11. Ba4 Bb7 12. Nxb6 axb6 13. Qb3 Qe6 14.
Qxb6+ Ke8 15. Bb3 Nc8 16. Qxb7 Qd5 17. Qxc8+ {Black resigns} 1-0

[Event "GambitGuide"]
[Site "Internet Chess Club"]
[Date "2014.10.30"]
[Round "1"]
[White "JSBach"]
[Black "kingsac"]
[Result "1-0"]
[ICCResult "Black resigns"]
[WhiteElo "1707"]
[BlackElo "1964"]
[Opening "Vienna: `Frankenstein-Dracula' variation"]
[ECO "C27"]
[NIC "VG.02"]
[Time "19:25:32"]
[TimeControl "120+12"]

1. e4 e5 2. Nc3 Nf6 3. Bc4 Nxe4 4. Qh5 Nd6 5. Bb3 Nc6 6. Nb5 g6 7. Qf3 f5 8.
Qd5 Qe7 9. Nxc7+ Kd8 10. Nxa8 b6 11. Ba4 Ba6 12. Bxc6 dxc6 13. Qb3 Qb7 14.
Qe6 Nf7 15. Nf3 Bg7 16. d3 Re8 17. Qb3 c5 18. Be3 Kd7 19. Qxf7+ {Black
resigns} 1-0

[Event "GambitGuide"]
[Site "Internet Chess Club"]
[Date "2014.10.30"]
[Round "1"]
[White "JSBach"]
[Black "Lucas"]
[Result "0-1"]
[ICCResult "White checkmated"]
[WhiteElo "1707"]
[BlackElo "2376"]
[Opening "Vienna: `Frankenstein-Dracula' variation"]
[ECO "C27"]
[NIC "VG.02"]
[Time "19:25:03"]
[TimeControl "120+12"]

1. e4 e5 2. Nc3 Nf6 3. Bc4 Nxe4 4. Qh5 Nd6 5. Bb3 Nc6 6. Nb5 g6 7. Qf3 f5 8.
Qd5 Qe7 9. Nxc7+ Kd8 10. Nxa8 b6 11. Ba4 Bb7 12. Nxb6 axb6 13. Qb3 b5 14.
Ne2 Nd4 15. Nxd4 exd4+ 16. Kf1 bxa4 17. Qxa4 Bc6 18. Qxd4 Bg7 19. Qc5 Re8
20. Qb6+ Kc8 21. Qe3 Qh4 22. Qc5 Bd4 23. Qxd4 Qxd4 24. d3 Bb5 25. f3 Qe5 26.
Kf2 Qe2+ 27. Kg3 h5 28. Bf4 h4+ 29. Kxh4 Qxg2 30. Bg3 Nf7 31. Bf4 Rh8+ 32.
Bh6 Rxh6# {White checkmated} 0-1

[Event "GambitGuide"]
[Site "Internet Chess Club"]
[Date "2014.10.30"]
[Round "1"]
[White "JSBach"]
[Black "fishhead"]
[Result "1-0"]
[ICCResult "Black resigns"]
[WhiteElo "1707"]
[BlackElo "1597"]
[Opening "Vienna: `Frankenstein-Dracula' variation"]
[ECO "C27"]
[NIC "VG.02"]
[Time "19:25:32"]
[TimeControl "120+12"]

1. e4 e5 2. Nc3 Nf6 3. Bc4 Nxe4 4. Qh5 Nd6 5. Bb3 Nc6 6. Nb5 g6 7. Qf3 f5 8.
Qd5 Qe7 9. Nxc7+ Kd8 10. Nxa8 b6 11. Ba4 Bb7 12. Nxb6 axb6 13. Qb3 b5 14.
Nf3 bxa4 15. Qxa4 Bg7 16. d3 h6 17. Nh4 Qf7 18. Nf3 g5 19. Be3 g4 20. Nd2
Ne8 21. Qb5 Bc8 22. Bc5 Qe6 23. Qb6+ Nc7 24. O-O d5 25. Rae1 e4 26. f3 gxf3
27. Nxf3 Kd7 28. Nh4 Rf8 29. dxe4 dxe4 30. Rd1+ Ke8 31. Bxf8 Kxf8 32. Nxf5
{Black resigns}
1-0

[Event "GambitGuide"]
[Site "Internet Chess Club"]
[Date "2014.10.30"]
[Round "1"]
[White "JSBach"]
[Black "narutonine16"]
[Result "1-0"]
[ICCResult "Black checkmated"]
[WhiteElo "1707"]
[BlackElo "958"]
[Opening "Vienna: `Frankenstein-Dracula' variation"]
[ECO "C27"]
[NIC "VG.02"]
[Time "19:25:16"]
[TimeControl "120+12"]

1. e4 e5 2. Nc3 Nf6 3. Bc4 Nxe4 4. Qh5 Nd6 5. Bb3 Nc6 6. Nb5 g6 7. Qf3 f5 8.
Qd5 Qe7 9. Nxc7+ Kd8 10. Nxa8 b6 11. Ba4 Bb7 12. Nxb6 axb6 13. Qb3 Kc7 14.
Ne2 e4 15. Qc3 Bg7 16. Qb3 g5 17. Nc3 Nd4 18. Qb4 Nc6 19. Nd5+ Kd8 20. Qxb6+
Ke8 21. Nxe7 Kxe7 22. d3 exd3 23. Bxg5+ Bf6 24. Qe3+ Kf7 25. Bxf6 Kxf6 26.
Qxd3 Ne4 27. Bxc6 Bxc6 28. Qd4+ Ke6 29. Qxh8 Bb5 30. a4 Bc4 31. Qg8+ Ke5 32.
Qxc4 Nd6 33. f4+ Kf6 34. Qd4+ Ke6 35. Qe5+ Kf7 36. Qxd6 Ke8 37. Rd1 Kd8 38.
Qxd7# {Black checkmated} 1-0

[Event "GambitGuide"]
[Site "Internet Chess Club"]
[Date "2014.10.30"]
[Round "1"]
[White "JSBach"]
[Black "Lucas"]
[Result "0-1"]
[ICCResult "White checkmated"]
[WhiteElo "1707"]
[BlackElo "2376"]
[Opening "Vienna: `Frankenstein-Dracula' variation"]
[ECO "C27"]
[NIC "VG.02"]
[Time "19:26:19"]
[TimeControl "120+12"]

1. e4 e5 2. Nc3 Nf6 3. Bc4 Nxe4 4. Qh5 Nd6 5. Bb3 Nc6 6. Nb5 g6 7. Qf3 f5 8.
Qd5 Qe7 9. Nxc7+ Kd8 10. Nxa8 b6 11. Ba4 Bb7 12. Nxb6 axb6 13. Qb3 b5 14.
Nf3 bxa4 15. Qxa4 Nd4 16. Nxd4 exd4+ 17. Kf1 Bc6 18. Qxd4 Bg7 19. Qe3 Qh4
20. Qc5 Bd4 21. Qa5+ Kc8 22. Qa6+ Bb7 23. Qe2 Re8 24. f3 Rxe2 25. Kxe2 Qf2+
26. Kd1 Bxf3+ 27. gxf3 Qxf3+ 28. Ke1 Bf2+ 29. Kf1 Bg3+ 30. Kg1 Qf2#
{White checkmated}
0-1

[Event "GambitGuide"]
[Site "Internet Chess Club"]
[Date "2014.10.30"]
[Round "1"]
[White "JSBach"]
[Black "Selfoss"]
[Result "1-0"]
[ICCResult "Black resigns"]
[WhiteElo "1707"]
[BlackElo "1316"]
[Opening "Vienna: `Frankenstein-Dracula' variation"]
[ECO "C27"]
[NIC "VG.02"]
[Time "19:25:42"]
[TimeControl "120+12"]

1. e4 e5 2. Nc3 Nf6 3. Bc4 Nxe4 4. Qh5 Nd6 5. Bb3 Nc6 6. Nb5 g6 7. Qf3 f5 8.
Qd5 Qe7 9. Nxc7+ Kd8 10. Nxa8 b6 11. Ba4 Bb7 12. Nxb6 axb6 13. Qb3 Nc8 14.
Ne2 Nd4 15. Nxd4 exd4+ 16. Kf1 Bxg2+ 17. Kxg2 Qe4+ 18. Qf3 Qxf3+ 19. Kxf3
Nd6 20. Re1 Bg7 21. Bb3 Kc7 22. Bd5 g5 23. a4 h5 24. a5 g4+ 25. Kg2 bxa5 26.
Rxa5 f4 27. Ra7+ Kb6 28. Rxd7 Kc5 29. Rxg7 Kxd5 30. Rg5+ Kc6 31. f3
{Black resigns}
1-0

[Event "GambitGuide"]
[Site "Internet Chess Club"]
[Date "2014.10.30"]
[Round "1"]
[White "JSBach"]
[Black "fishhead"]
[Result "1-0"]
[ICCResult "Black resigns"]
[WhiteElo "1707"]
[BlackElo "1597"]
[Opening "Vienna: `Frankenstein-Dracula' variation"]
[ECO "C27"]
[NIC "VG.02"]
[Time "19:26:40"]
[TimeControl "120+12"]

1. e4 e5 2. Nc3 Nf6 3. Bc4 Nxe4 4. Qh5 Nd6 5. Bb3 Nc6 6. Nb5 g6 7. Qf3 f5 8.
Qd5 Qe7 9. Nxc7+ Kd8 10. Nxa8 b6 11. Ba4 Bb7 12. Nxb6 axb6 13. Qb3 b5 14.
Ne2 bxa4 15. Qxa4 Nf7 16. Qb5 Bc8 17. Nc3 Qc5 18. a3 Qxb5 19. Nxb5 d5 20. d3
d4 21. f3 Bc5 22. O-O Ne7 23. Re1 Nd5 24. b4 Bb6 25. Bd2 Ba6 26. a4 Bb7 27.
a5 Bc7 28. f4 Bb8 29. a6 Ba8 30. a7 Bc7 31. Nxc7 Kxc7 32. fxe5 Re8 33. e6
Ng5 34. Bxg5 {Black resigns} 1-0

[Event "GambitGuide"]
[Site "Internet Chess Club"]
[Date "2014.10.30"]
[Round "1"]
[White "JSBach"]
[Black "Flcosta"]
[Result "1-0"]
[ICCResult "Black resigns"]
[WhiteElo "1707"]
[BlackElo "2024"]
[Opening "Vienna: `Frankenstein-Dracula' variation"]
[ECO "C27"]
[NIC "VG.02"]
[Time "19:27:21"]
[TimeControl "120+12"]

1. e4 e5 2. Nc3 Nf6 3. Bc4 Nxe4 4. Qh5 Nd6 5. Bb3 Nc6 6. Nb5 g6 7. Qf3 f5 8.
Qd5 Qe7 9. Nxc7+ Kd8 10. Nxa8 b6 11. Ba4 Bb7 12. Nxb6 axb6 13. Qb3 Kc7 14.
Ne2 Bg7 15. Nc3 Nd4 16. Nd5+ Bxd5 17. Qxd5 Qe6 18. Qxe6 Nxe6 19. Bb3 Nc5 20.
Bd5 e4 21. Ke2 Re8 {Black resigns} 1-0

[Event "GambitGuide"]
[Site "Internet Chess Club"]
[Date "2014.10.30"]
[Round "1"]
[White "JSBach"]
[Black "posoo"]
[Result "1-0"]
[ICCResult "Black resigns"]
[WhiteElo "1707"]
[BlackElo "1664"]
[Opening "Vienna: `Frankenstein-Dracula' variation"]
[ECO "C27"]
[NIC "VG.02"]
[Time "19:30:09"]
[TimeControl "120+12"]

1. e4 e5 2. Nc3 Nf6 3. Bc4 Nxe4 4. Qh5 Nd6 5. Bb3 Nc6 6. Nb5 g6 7. Qf3 f5 8.
Qd5 Qe7 9. Nxc7+ Kd8 10. Nxa8 b6 {Black resigns} 1-0

[Event "GambitGuide"]
[Site "Internet Chess Club"]
[Date "2014.10.30"]
[Round "1"]
[White "JSBach"]
[Black "fishhead"]
[Result "1-0"]
[ICCResult "Black resigns"]
[WhiteElo "1707"]
[BlackElo "1597"]
[Opening "Vienna: `Frankenstein-Dracula' variation"]
[ECO "C27"]
[NIC "VG.02"]
[Time "19:27:46"]
[TimeControl "120+12"]

1. e4 e5 2. Nc3 Nf6 3. Bc4 Nxe4 4. Qh5 Nd6 5. Bb3 Nc6 6. Nb5 g6 7. Qf3 f5 8.
Qd5 Qe7 9. Nxc7+ Kd8 10. Nxa8 b6 11. Ba4 Bb7 12. Nxb6 axb6 13. Qb3 b5 14.
Nf3 bxa4 15. Qxa4 Bg7 16. d3 Nf7 17. Qb3 Qe6 18. Qxb7 {Black resigns} 1-0

[Event "GambitGuide"]
[Site "Internet Chess Club"]
[Date "2014.10.30"]
[Round "1"]
[White "JSBach"]
[Black "baravykas"]
[Result "0-1"]
[ICCResult "White forfeits on time"]
[WhiteElo "1707"]
[BlackElo "1504"]
[Opening "Vienna: `Frankenstein-Dracula' variation"]
[ECO "C27"]
[NIC "VG.02"]
[Time "19:27:50"]
[TimeControl "120+12"]

1. e4 e5 2. Nc3 Nf6 3. Bc4 Nxe4 4. Qh5 Nd6 5. Bb3 Nc6 6. Nb5 g6 7. Qf3 f5 8.
Qd5 Qe7 9. Nxc7+ Kd8 10. Nxa8 b6 11. Ba4 Bb7 12. Nxb6 axb6 13. Qb3 Nc8 14.
Ne2 Qb4 {White forfeits on time} 0-1

[Event "GambitGuide"]
[Site "Internet Chess Club"]
[Date "2014.10.30"]
[Round "1"]
[White "JSBach"]
[Black "boveymvp"]
[Result "0-1"]
[ICCResult "White checkmated"]
[WhiteElo "1707"]
[BlackElo "1577"]
[Opening "Vienna: `Frankenstein-Dracula' variation"]
[ECO "C27"]
[NIC "VG.02"]
[Time "19:25:30"]
[TimeControl "120+12"]

1. e4 e5 2. Nc3 Nf6 3. Bc4 Nxe4 4. Qh5 Nd6 5. Bb3 Nc6 6. Nb5 g6 7. Qf3 f5 8.
Qd5 Qe7 9. Nxc7+ Kd8 10. Nxa8 b6 11. Ba4 b5 12. Bxb5 Nxb5 13. Qxb5 Qc5 14.
Qxc5 Bxc5 15. d3 Bb7 16. d4 Nxd4 17. Rb1 Bxg2 18. Bg5+ Kc8 19. Bf6 Re8 20.
Nc7 Kxc7 21. b4 Bb6 22. c3 Nc2+ 23. Kd1 Na3 24. Rb3 Nc4 25. Ke2 Bxh1 26. b5
Re6 27. Bh4 f4 28. a4 h6 29. Kd3 d5 30. Nh3 e4+ 31. Kc2 g5 32. Bxg5 hxg5 33.
a5 Nxa5 34. Rb1 Bf3 35. Nxg5 Rg6 36. Nxf3 exf3 37. Rd1 Kd6 38. Rd3 Rg2 39.
Rxf3 Rxf2+ 40. Rxf2 Bxf2 41. Kd3 Nc4 42. Ke2 Bh4 43. Kf3 Bg5 44. h3 Kc5 45.
Kf2 Kxb5 46. Ke2 a5 47. Ke1 a4 48. Kd1 a3 49. h4 Bxh4 50. Ke2 a2 51. Kf3 Bg3
52. Ke2 a1=Q 53. Kf3 Qd1+ 54. Kg2 Qe2+ 55. Kh3 f3 56. Kxg3 f2 57. Kf4 f1=Q+
58. Kg3 Qeg2+ 59. Kh4 Qfg1 60. Kh5 Q1h1# {White checkmated} 0-1